 Dungeon Crawl Stone Soup version 0.18.1-48-g4cf74bf (webtiles) character file.

6377 PossumBlood the Fighter (level 10, -1/100 HPs)
             Began as a Minotaur Fighter on Aug 18, 2016.
             Was a High Priest of Okawaru.
             Slain by a troll (5 damage)
             ... on level 10 of the Dungeon.
             The game lasted 00:18:39 (7958 turns).

PossumBlood the Fighter (Minotaur Fighter)          Turns: 7958, Time: 00:18:40

Health: -1/100     AC:  4    Str: 29    XL:     10   Next: 65%
Magic:  9/9        EV:  3    Int:  5    God:    Okawaru [*****.]
Gold:   499        SH: 10    Dex: 12    Spells: 0 memorised, 9 levels left

rFire  + . .     SeeInvis .     t - +3 hand axe (elec)
rCold  + . .     Gourm    .     C - +1 scale mail of Duck's Teeth {*Corrode +Inv rC+ Str+4}
rNeg   . . .     Faith    .     c - +0 shield
rPois  .         Spirit   .     (helmet restricted)
rElec  .         Dismiss  .     y - +0 cloak
rCorr  .         Reflect  .     (no gloves)
SustAt .         Harm     .     D - +0 pair of boots
MR     .....                    (no amulet)
Stlth  ..........               o - +3 ring of dexterity
                                j - ring of protection from fire

@: lethally poisoned (-1 -> -69), corroded, slowed, very slow, not resistant to
hostile enchantments, extremely unstealthy
A: retaliatory headbutt, horns 2
a: Heroism, Finesse, Renounce Religion, Evoke Invisibility


You were on level 10 of the Dungeon.
You worshipped Okawaru.
Okawaru was extremely pleased with you.
You were not hungry.

You visited 1 branch of the dungeon, and saw 10 of its levels.

You collected 499 gold pieces.

Inventory:

Hand Weapons
 a - a +0 war axe
 t - a +3 hand axe of electrocution (weapon)
 K - a +0 broad axe
Missiles
 s - 16 tomahawks (quivered)
 u - 3 javelins
Armour
 c - a +0 shield (worn)
 m - a +1 plate armour of cold resistance
 y - a +0 cloak (worn)
 C - the +1 scale mail of Duck's Teeth (worn) {*Corrode +Inv rC+ Str+4}
   (You found it on level 9 of the Dungeon)

   It affects your strength (+4).
   It protects you from cold.
   It lets you turn invisible.
   It may corrode you when you take damage.
 D - a +0 pair of boots (worn)
Jewellery
 j - a ring of protection from fire (left hand)
 l - an uncursed ring of stealth
 o - a +3 ring of dexterity (right hand)
 H - an uncursed ring of fire
Wands
 q - a wand of acid (7/15)
 A - a wand of enslavement (10/24)
 F - a wand of acid (12/15)
Scrolls
 i - a scroll of magic mapping
 v - 3 scrolls of blinking
 z - 2 scrolls of enchant weapon
 E - 2 scrolls of remove curse
Potions
 b - a potion of cancellation {unknown}
 d - a potion of ambrosia {unknown}
 e - 2 potions of agility
 g - 4 potions of haste
 h - 2 potions of brilliance {unknown}
 n - a potion of magic {unknown}
 w - 2 potions of heal wounds {unknown}
 x - 3 potions of lignification {unknown}
 M - a potion of invisibility {unknown}
Books
 f - a book of Annihilations

   Spells                             Type                      Level
   a - Poison Arrow                   Conjuration/Poison           6
   b - Chain Lightning                Conjuration/Air              8
   c - Lehudib's Crystal Spear        Conjuration/Earth            8
   d - Glaciate                       Conjuration/Ice              9
   e - Fire Storm                     Conjuration/Fire             9
 k - a book of Summonings

   Spells                             Type                      Level
   a - Recall                         Summoning/Translocation      3
   b - Aura of Abjuration             Summoning                    5
   c - Summon Demon                   Summoning                    5
   d - Summon Forest                  Summoning/Translocation      5
   e - Summon Mana Viper              Hexes/Summoning              5
   f - Shadow Creatures               Summoning                    6
 p - a book of Power

   Spells                             Type                      Level
   a - Fulminant Prism                Conjuration/Hexes            4
   b - Iskenderun's Mystic Blast      Conjuration                  4
   c - Venom Bolt                     Conjuration/Poison           5
   d - Bolt of Magma                  Conjuration/Fire/Earth       5
   e - Iron Shot                      Conjuration/Earth            6
   f - Orb of Destruction             Conjuration                  7
   g - Spellforged Servitor           Conjuration/Summoning        7
 B - a book of Clouds

   Spells                             Type                      Level
   a - Mephitic Cloud                 Conjuration/Poison/Air       3
   b - Conjure Flame                  Conjuration/Fire             3
   c - Poisonous Cloud                Conjuration/Poison/Air       6
   d - Freezing Cloud                 Conjuration/Ice/Air          6
   e - Ring of Flames                 Charms/Fire                  7
 I - Sif Muna's Guide on Flight and Good Luck
   (You found it on level 8 of the Dungeon)

   Spells                             Type                      Level
   a - Infusion                       Charms                       1
   b - Shroud of Golubria             Charms/Translocation         2
   c - Mephitic Cloud                 Conjuration/Poison/Air       3
   d - Excruciating Wounds            Charms/Necromancy            5
   e - Iskenderun's Battlesphere      Conjuration/Charms           5
Miscellaneous
 L - a stone of tremors
Comestibles
 r - 4 meat rations
 J - a bread ration


   Skills:
 * Level 12.9 Fighting
 + Level 11.4 Axes
 - Level 10.0 Armour
 - Level 3.6 Shields


You had 9 spell levels left.
You didn't know any spells.

Dungeon Overview and Level Annotations

Branches:
Dungeon (10/15)            Temple (0/1) D:5            Lair (0/8) D:8
    Orc (0/2) D:9

Altars:
Cheibriados
Dithmenos
Elyvilon
Fedhas
Kikubaaqudgha
Okawaru
Ru
Xom

Annotations:
D:10 Sonja


Innate Abilities, Weirdness & Mutations

You reflexively headbutt those who attack you in melee.
You have a pair of horns on your head.


Message History

You are more poisoned.
The hound bites you but does no damage. The hill giant barely misses you.
There is a stone staircase leading up, spattered with blood here.
* * * LOW HITPOINT WARNING * * *
You feel very sick. Sonja hits you but does no damage.
You are more poisoned.
Sonja hits you but does no damage.
You are more poisoned.
Sonja hits you but does no damage.
You are more poisoned.
The hound bites you.
* * * LOW HITPOINT WARNING * * *
Sonja barely misses you. You block Sonja's attack.
Sonja hits you with an uncursed short sword of venom.
* * * LOW HITPOINT WARNING * * *
You are more poisoned.
You block the hound's attack. The troll barely misses you.
You furiously retaliate!
You headbutt the troll! The troll claws you.
You die...

######. .........
........# ........#
........# ....Y...#
........###########
....(.TCK..).......
.......@h......!...
...................
.##################


You could see a hill giant, a troll, Sonja, an ice beast and a hound.

Vanquished Creatures
  The ghost of RepoMan the Frost Mage, a novice OpIE of Dithmenos (D:8)
  Pikel (D:6)
  A two-headed ogre (D:8)
  7 yaks
  2 basilisks
  2 hungry ghosts (D:9)
  6 porcupines
  A water moccasin (D:8)
  A sky beast (D:7)
  An eye of draining (D:8)
  2 ice beasts
  2 wasps (D:7)
  4 centaurs
  2 ogres
  6 crocodiles
  A big kobold (D:8)
  3 giant frogs
  A scorpion (D:5)
  4 wights (D:7)
  2 howler monkeys (D:8)
  2 crimson imps
  A centaur zombie (D:7)
  A giant frog zombie (D:8)
  2 hounds
  A centaur skeleton (D:7)
  A jelly (D:10)
  Crazy Yiuf (D:3)
  2 orc priests
  A giant frog skeleton (D:6)
  4 orc wizards
  Ijyb (D:3)
  Jessica (D:3)
  2 iguanas (D:8)
  3 worker ants
  A hound skeleton (D:8)
  A worker ant zombie (D:6)
  12 adders
  3 river rats (D:7)
  A shadow imp (D:6)
  2 oozes (D:1)
  An adder zombie (D:8)
  2 worms
  4 dart slugs
  2 giant geckos
  25 orcs
  5 giant cockroaches
  4 goblins
  4 hobgoblins
  9 jackals
  2 quokkas
  A ball python skeleton (D:5)
  12 bats
  9 giant newts
  7 kobolds
  5 rats
185 creatures vanquished.

Notes
Turn   | Place    | Note
--------------------------------------------------------------
     0 | D:1      | PossumBlood the Minotaur Fighter began the quest for the Orb.
     0 | D:1      | Reached XP level 1. HP: 19/19 MP: 0/0
   107 | D:1      | Reached skill level 4 in Fighting
   107 | D:1      | Reached XP level 2. HP: 22/27 MP: 1/1
   516 | D:1      | Reached XP level 3. HP: 34/34 MP: 2/2
   917 | D:2      | Found an ancient bone altar of Kikubaaqudgha.
  1035 | D:2      | Reached XP level 4. HP: 41/41 MP: 3/3
  1044 | D:2      | Reached skill level 5 in Fighting
  1116 | D:2      | Found a sacrificial altar of Ru.
  1228 | D:2      | Found an iron altar of Okawaru.
  1237 | D:2      | Became a worshipper of Warmaster Okawaru
  1435 | D:3      | Noticed Jessica
  1437 | D:3      | Killed Jessica
  1811 | D:3      | Reached XP level 5. HP: 50/50 MP: 4/4
  1830 | D:3      | Reached skill level 6 in Fighting
  2070 | D:3      | Noticed Ijyb
  2080 | D:3      | Killed Ijyb
  2130 | D:3      | Noticed Crazy Yiuf
  2142 | D:3      | Killed Crazy Yiuf
  2142 | D:3      | Reached skill level 5 in Axes
  2224 | D:4      | Reached XP level 6. HP: 58/58 MP: 5/5
  2253 | D:4      | Found a shadowy altar of Dithmenos.
  2319 | D:4      | Reached skill level 7 in Fighting
  2661 | D:4      | Reached * piety under Okawaru
  2697 | D:4      | Found a white marble altar of Elyvilon.
  2805 | D:4      | Found a blossoming altar of Fedhas.
  2805 | D:4      | Found a shadowy altar of Dithmenos.
  2965 | D:5      | Entered Level 5 of the Dungeon
  3385 | D:5      | Found a staircase to the Ecumenical Temple.
  3601 | D:6      | Reached skill level 8 in Fighting
  3601 | D:6      | Reached XP level 7. HP: 68/68 MP: 6/6
  3643 | D:6      | Noticed Pikel
  3653 | D:6      | Killed Pikel
  3653 | D:6      | Reached skill level 9 in Fighting
  3782 | D:6      | Reached XP level 8. HP: 79/79 MP: 7/7
  3854 | D:6      | Reached ** piety under Okawaru
  3854 | D:6      | Reached skill level 10 in Fighting
  4448 | D:7      | Reached skill level 11 in Fighting
  4515 | D:7      | Found a snail-covered altar of Cheibriados.
  4596 | D:7      | Reached *** piety under Okawaru
  4733 | D:7      | Reached XP level 9. HP: 67/89 MP: 8/8
  4900 | D:8      | Reached skill level 5 in Armour
  5190 | D:7      | Reached **** piety under Okawaru
  5732 | D:7      | Reached skill level 10 in Axes
  5849 | D:7      | Reached ***** piety under Okawaru
  5958 | D:7      | Reached XP level 10. HP: 50/96 MP: 9/9
  6232 | D:8      | Found a staircase to the Lair.
  6242 | D:8      | Reached skill level 10 in Armour
  6502 | D:8      | Noticed RepoMan's ghost (novice OpIE)
  6516 | D:8      | Killed RepoMan's ghost
  6516 | D:8      | Reached skill level 12 in Fighting
  6678 | D:8      | Identified Sif Muna's Guide on Flight and Good Luck
  6915 | D:8      | Found a shimmering altar of Xom.
  7426 | D:9      | Found a staircase to the Orcish Mines.
  7748 | D:9      | Got a faintly glowing scale mail
  7749 | D:9      | Identified the +1 scale mail of Duck's Teeth {*Corrode +Inv rC+ Str+4} (You found it on level 9 of the Dungeon)
  7942 | D:10     | Entered Level 10 of the Dungeon
  7942 | D:10     | Noticed a hill giant
  7950 | D:10     | Noticed Sonja
  7958 | D:10     | HP: 4/100 [Sonja/uncursed short sword of venom (4)]
  7958 | D:10     | Slain by a troll

Skill      XL: |  1  2  3  4  5  6  7  8  9 10 |
---------------+-------------------------------+-----
Fighting       | 4 5 6 8 9 11 12 | 12.9
Axes           | 3 4 5 6 8 10 11 | 11.4
Armour         | 4 9 10 | 10.0
Shields        | |  3.6

Action                   |  1- 3 |  4- 6 |  7- 9 | 10-12 || total
-------------------------+-------+-------+-------+-------++-------
Melee: War axe           |    81 |     7 |       |       ||    88
       Headbutt          |     3 |    26 |    37 |    27 ||    93
       Hand axe          |       |   122 |   125 |   126 ||   373
  Use: Scroll            |       |     8 |     5 |     2 ||    15
       Potion            |       |       |     5 |       ||     5
 Stab: Confused          |       |       |       |     1 ||     1
  Eat: Bread ration      |     1 |     1 |     1 |     1 ||     4
       Pizza             |       |     2 |     1 |       ||     3
       Fruit             |       |       |     1 |     4 ||     5
       Royal jelly       |       |       |       |     1 ||     1
       Beef jerky        |       |       |       |     1 ||     1
Armor: Scale mail        |    41 |     4 |       |    13 ||    58
       Plate armour      |       |    50 |   133 |    54 ||   237
Dodge: Dodged            |    37 |    21 |    39 |    27 ||   124
Block: Shield            |    46 |    52 |    70 |    64 ||   232
